AoeStats
← dodosh

Arena

508286389Analyzed
1v1 RM · 9d ago on Sep 21, 2026· 52m 50s· 2 players
Game mode
Random Map
Map size
Tiny (2 player)
Population
200
Speed
Normal
Resources
Standard
Victory
Conquest
Starting age
Dark Age
Ending age
Imperial Age
RankedLock teamsTeams togetherTeam positionsShared explorationLock speedFull tech treeHidden civsTurbo modeCheats
Victory
Defeat
🇧🇪 Huns · Belgium
548
+18
🇹🇷 Saracens · Türkiye
594
-18
dodosh
12:31 Feudal Age
20:15 Castle Age
19:09 Double-Bit Axe
19:10 Horse Collar
19:32 Gold Mining
21:09 Forging
21:07 Scale Barding Armor
21:04 Scale Mail Armor
22:49 Wheelbarrow
22:38 Bow Saw
23:09 Gold Shaft Mining
25:39 Hand Cart
28:12 Iron Casting
27:58 Chain Barding Armor
28:02 Bloodlines
27:53 Husbandry
28:20 Marauders
34:02 Imperial Age
32:58 Squires
32:19 Pikeman
34:57 Chain Mail Armor
34:36 Halberdier
35:38 Arson
41:10 Town Watch
41:12 Loom
44:30 Two-Man Saw
43:32 Heavy Plow
45:24 Blast Furnace
44:59 Plate Barding Armor
43:47 Elite Tarkan
46:30 Conscription
46:06 Elite Skirmisher
46:54 Thumb Ring
selman_durmus
11:52 Feudal Age
13:31 Wheelbarrow
13:09 Double-Bit Axe
19:14 Castle Age
17:58 Horse Collar
18:58 Bloodlines
20:22 Hand Cart
20:31 Forging
21:21 Scale Barding Armor
23:03 Bow Saw
25:02 Iron Casting
26:12 Scale Mail Armor
26:14 Gold Mining
27:39 Chain Barding Armor
28:58 Husbandry
29:10 Husbandry
30:30 Gold Shaft Mining
31:26 Heavy Plow
32:43 Town Watch
32:51 Loom
34:01 Padded Archer Armor
33:52 Fletching
38:42 Imperial Age
38:26 Leather Archer Armor
38:07 Bodkin Arrow
38:28 Chain Mail Armor
39:36 Heavy Cavalry Archer
41:29 Ring Archer Armor
41:07 Bracer
41:46 Ring Archer Armor
42:43 Parthian Tactics
44:25 Blast Furnace
46:53 Chemistry
46:15 Ballistics
46:58 Chemistry
46:18 Masonry
46:19 Siege Engineers
50:27 Heavy Camel Rider
Connection lost

Rejoining the realm…

Still unreachable

The connection could not be restored.

Session expired

The server has moved on; the page needs a fresh start.